Map: New Gettysburg LE

Players

Nickos - Winner!

  • Race: Terran Terran
  • League: Gold

Peggies

  • Race: Terran Terran
  • League: Platinum

VOD

Have the link to the VOD?

Description

Time

  • Played on: Sept. 3, 2016, 11:29 p.m.
  • Length: 6:38
Show
View Real Time Build Order
Export as new Build Order

Nickos Terran - Winner!

Build Orders: Reaper Expand 

Get SALT Encoding   

  12  0:01  SCV  
  13  0:13  SCV  
  14  0:19  Supply Depot  
  14  0:25  SCV  
  15  0:40  SCV  
  15  0:41  Barracks  
  16  0:53  SCV  
  17  0:57  Refinery  
  17  1:05  SCV  
  18  1:17  SCV  
  19  1:31  Orbital Command  
  19  1:41  Reaper  
  20  1:47  Command Center  
  20  2:00  Supply Depot  
  20  2:03  SCV  
  21  2:10  Barracks  
  21  2:19  SCV  
  23  2:28  Barracks  
  23  2:29  Barracks Reactor  
  22  2:31  SCV  
  22  2:32  Refinery  
  23  2:50  SCV  
  24  2:56  Factory  
  24  3:03  SCV  
  26  3:10  Orbital Command  
  26  3:12  Marine x2  
  28  3:15  Barracks Tech Lab  
  28  3:16  Barracks Reactor  
  27  3:21  Supply Depot  
  27  3:29  Marine, SCV  
  27  3:30  Marine  
  30  3:40  SCV  
  31  3:41  SCV  
  31  3:43  Stimpack  
  32  3:49  Factory Reactor  
  32  3:52  SCV  
  32  3:53  SCV  
  34  3:56  Starport  
  34  4:05  SCV  
  34  4:06  SCV  
  36  4:13  Supply Depot  
  36  4:16  Marine x2  
  36  4:17  SCV, Marine x2  
  38  4:18  SCV  
  38  4:22  Marine  
  43  4:37  SCV x2  
  43  4:38  Supply Depot, Marine x3  
  45  4:39  Marine  
  49  4:49  SCV x2  
  51  5:01  SCV x2  
  53  5:08  Medivac x2  
  53  5:09  Marine x5  
  53  5:14  Supply Depot  
  62  5:16  Supply Depot  
  62  5:24  SCV x2  
  64  5:35  Engineering Bay  
  64  5:36  Engineering Bay, SCV x2, Marine x3  
  64  5:39  Supply Depot  
  64  5:41  Command Center  
  69  5:43  Medivac  
  69  5:47  Marine  
  69  5:48  SCV  
  73  5:59  SCV  
  73  6:00  SCV  
  75  6:10  Marine x2  
  75  6:11  SCV, Marine x3  
  80  6:12  SCV  
  82  6:23  Armory, SCV  
  82  6:25  SCV  
  86  6:27  Supply Depot  
  86  6:28  Supply Depot  
Show
View Real Time Build Order
Export as new Build Order

Peggies Terran 

Build Orders:  

Get SALT Encoding   

Tags
 
Add a new tag
Caveats
  • Supply blocks, unpowered buildings, or Contaminate may cause inaccurate times.
  • Supply counts are checked every 10 seconds.